 Dungeon Crawl Stone Soup version 0.24.0-123-gd5b16e6ec5 (webtiles) character file.

Game seed: 6921670403899956367, levelgen mode: deterministic

77 FishyPogo the Charmwright (level 4, -5/38 HPs)
             Began as a Gnoll Skald on Dec 23, 2019.
             Slain by a worm (8 damage)
             ... on level 3 of the Dungeon.
             The game lasted 00:03:08 (1673 turns).

FishyPogo the Charmwright (Gnoll Skald)             Turns: 1673, Time: 00:03:10

Health: -5/38      AC:  5    Str: 15    XL:     4   Next: 33%
Magic:  0/11       EV: 14    Int: 15    God:
Gold:   87         SH:  0    Dex: 14    Spells: 2/13 levels left

rFire    . . .     SeeInvis .   a - +0 short sword
rCold    . . .     Gourm    .   (no shield)
rNeg     . . .     Faith    .   b - +0 leather armour
rPois    .         Spirit   .   i - +2 hat
rElec    .         Reflect  .   (no cloak)
rCorr    .         Harm     +   (no gloves)
MR       .....                  (no boots)
Stlth    +.........             r - amulet of harm
HPRegen  0.12/turn              (no ring)
MPRegen  0.12/turn              (no ring)

@: infused, singing, very slightly contaminated
A: distributed training, fangs 1, strong nose
a: no special abilities


You were on level 3 of the Dungeon.
You were not hungry.

You visited 1 branch of the dungeon, and saw 3 of its levels.

You collected 87 gold pieces.

Inventory:

Hand Weapons
 a - a +0 short sword (weapon)
Missiles
 k - 25 stones (quivered)
 l - 12 poisoned darts
Armour
 b - a +0 leather armour (worn)
 i - a +2 hat (worn)
Jewellery
 r - an amulet of harm (around neck)
Scrolls
 e - a scroll of identify {unknown}
 f - 2 scrolls of immolation {unknown}
 h - a scroll of enchant armour {unknown}
 m - a scroll of remove curse {unknown}
 n - a scroll of fog {unknown}
 p - 3 scrolls of teleportation {unknown}
Potions
 c - a potion of might {unknown}
 g - a potion of invisibility {unknown}
 j - a potion of brilliance {unknown}
 o - a potion of degeneration {unknown}
Comestibles
 d - 7 rations


   Skills:
 + Level 4.6 Fighting
 + Level 4.6 Short Blades
 + Level 1.1 Long Blades
 + Level 1.1 Axes
 + Level 1.1 Maces & Flails
 + Level 1.1 Polearms
 + Level 1.1 Staves
 + Level 1.1 Slings
 + Level 1.1 Bows
 + Level 1.1 Crossbows
 + Level 1.1 Throwing
 + Level 2.7 Armour
 + Level 4.6 Dodging
 + Level 1.1 Stealth
 + Level 1.1 Shields
 + Level 1.1 Unarmed Combat
 + Level 5.0 Spellcasting
 + Level 0.8 Conjurations
 + Level 0.8 Hexes
 + Level 5.4 Charms
 + Level 0.8 Summonings
 + Level 0.8 Necromancy
 + Level 0.8 Translocations
 + Level 0.8 Transmutations
 + Level 0.8 Fire Magic
 + Level 0.8 Ice Magic
 + Level 0.8 Air Magic
 + Level 0.8 Earth Magic
 + Level 0.8 Poison Magic
 + Level 1.2 Invocations
 + Level 1.1 Evocations


You had 2 spell levels left.
You knew the following spells:

 Your Spells              Type           Power        Failure   Level  Hunger
h - Regeneration          Chrm/Necr      ##........   16%         3    ###....
n - Spectral Weapon       Hex/Chrm       ##......     16%         3    ###....
p - Shroud of Golubria    Chrm/Tloc      ##....       9%          2    ##.....
u - Song of Slaying       Chrm           ###.....     3%          2    ##.....
y - Infusion              Chrm           ###.         1%          1    None

Your spell library contained the following spells:

 Spells                   Type           Power        Failure   Level  Hunger


Dungeon Overview and Level Annotations

Branches:
Dungeon (3/15)

Altars:

Annotations:
D:3 Robin


Innate Abilities, Weirdness & Mutations

Your experience applies equally to all skills.
You have very sharp teeth.
Your uncanny sense of smell can sniff out nearby items.


Message History

You kill the hobgoblin!
The goblin misses you.
You hit the goblin.
You kill the goblin!
The goblin hits you but does no damage. Robin throws the goblin at you!
The goblin barely misses you.
You closely miss the goblin. The goblin closely misses you.
Robin closely misses you. The goblin barely misses you.
You closely miss the goblin. You bite the goblin.
The goblin is heavily wounded.
The goblin barely misses you. Robin misses you. The goblin hits you.
* * * LOW HITPOINT WARNING * * *
You puncture the goblin!
You kill the goblin!
Robin hits you with a +0 dagger.
* * * LOW HITPOINT WARNING * * *
The goblin hits you.
* * * LOW HITPOINT WARNING * * *
The worm bites you!
You die...

#... #...
#.... ...
...
##.######
####..g.)..#
......w@...#
......g)...#
...........#
....########
... .. .


You could see a worm, Robin and a goblin.

Vanquished Creatures
  2 adders (D:2)
  3 dart slugs
  3 giant cockroaches (D:1)
  14 goblins
  7 hobgoblins
  4 jackals (D:1)
  3 bats (D:1)
  5 frilled lizards
  3 kobolds (D:1)
  5 rats
49 creatures vanquished.

Notes
Turn   | Place    | Note
-------+----------+-------------------------------------------
     0 | D:1      | FishyPogo the Gnoll Skald began the quest for the Orb.
     0 | D:1      | Reached XP level 1. HP: 20/20 MP: 6/6
    49 | D:1      | Reached XP level 2. HP: 20/26 MP: 7/7
   430 | D:1      | Reached XP level 3. HP: 24/31 MP: 9/9
   434 | D:1      | Learned a level 2 spell: Song of Slaying
   437 | D:1      | Learned a level 2 spell: Shroud of Golubria
   441 | D:1      | Learned a level 3 spell: Regeneration
   445 | D:1      | Learned a level 3 spell: Spectral Weapon
   523 | D:1      | Reached skill level 5 in Spellcasting
  1065 | D:2      | Reached skill level 1 in Invocations
  1418 | D:2      | Reached skill level 1 in Long Blades
  1418 | D:2      | Reached skill level 1 in Axes
  1418 | D:2      | Reached skill level 1 in Maces & Flails
  1418 | D:2      | Reached skill level 1 in Polearms
  1418 | D:2      | Reached skill level 1 in Staves
  1418 | D:2      | Reached skill level 1 in Slings
  1418 | D:2      | Reached skill level 1 in Bows
  1418 | D:2      | Reached skill level 1 in Crossbows
  1418 | D:2      | Reached skill level 1 in Throwing
  1418 | D:2      | Reached skill level 1 in Stealth
  1418 | D:2      | Reached skill level 1 in Shields
  1418 | D:2      | Reached skill level 1 in Unarmed Combat
  1418 | D:2      | Reached skill level 1 in Evocations
  1418 | D:2      | Reached XP level 4. HP: 32/38 MP: 8/11
  1649 | D:3      | Noticed Robin
  1673 | D:3      | Slain by a worm

Levels and vault maps discovered:
D:1:      dpeg_arrival_rhombus, layout_basic, supply_closet_lemuel,
          hangedman_decor_clover_reticule, minmay_misc_feat_square
D:2:      layout_loops_cross
D:3:      layout_basic, uniq_robin

Skill      XL: |  1  2  3 |
---------------+----------+-----
Spellcasting   | 5 |  5.0
Invocations    | 1 |  1.2
Long Blades    | 1 |  1.1
Axes           | 1 |  1.1
Maces & Flails | 1 |  1.1
Polearms       | 1 |  1.1
Staves         | 1 |  1.1
Slings         | 1 |  1.1
Bows           | 1 |  1.1
Crossbows      | 1 |  1.1
Throwing       | 1 |  1.1
Stealth        | 1 |  1.1
Shields        | 1 |  1.1
Unarmed Combat | 1 |  1.1
Evocations     | 1 |  1.1
Fighting       | |  4.6
Short Blades   | |  4.6
Armour         | |  2.7
Dodging        | |  4.6
Conjurations   | |  0.8
Hexes          | |  0.8
Charms         | |  5.4
Summonings     | |  0.8
Necromancy     | |  0.8
Translocations | |  0.8
Transmutations | |  0.8
Fire Magic     | |  0.8
Ice Magic      | |  0.8
Air Magic      | |  0.8
Earth Magic    | |  0.8
Poison Magic   | |  0.8

Action                   |  1- 3 |  4- 6 || total
-------------------------+-------+-------++-------
Melee: Short sword       |   134 |    25 ||   159
       Bite              |    13 |     2 ||    15
 Cast: Shroud of Golubri |     3 |       ||     3
       Song of Slaying   |     1 |     1 ||     2
       Infusion          |       |     1 ||     1
 Stab: Sleeping          |     2 |       ||     2
  Eat: Chunk             |     2 |     1 ||     3
Armor: Leather armour    |    24 |    17 ||    41
Dodge: Dodged            |    81 |    33 ||   114
